 Dungeon Crawl Stone Soup version 0.28-a0-1435-g82390b3a13 (webtiles) character file.

Game seed: 565013066275182451

4 Hasart the Insei (level 1, 0/13 HPs)
             Began as an Octopode Transmuter on Jan 9, 2022.
             Slain by a hobgoblin (3 damage)
             ... on level 1 of the Dungeon.
             The game lasted 00:00:43 (250 turns).

Hasart the Insei (Octopode Transmuter)               Turns: 250, Time: 00:00:43

Health: 0/13       AC:  1    Str:  9    XL:     1   Next: 60%
Magic:  3/3        EV: 13    Int: 15    God:
Gold:   0          SH:  0    Dex: 12    Spells: 3/4 levels left

rFire   . . .      SeeInvis .     - Unarmed
rCold   . . .      Faith    .   (no shield)
rNeg    . . .      Spirit   .   (helmet restricted)
rPois   .          Reflect  .   (no amulet)
rElec   .          Harm     .   (no ring)
rCorr   .          Rampage  .   (no ring)
Will    .....                   (no ring)
Stlth   ++........              (no ring)
HPRegen 0.04/turn               (no ring)
MPRegen 0.08/turn               (no ring)
                                (no ring)
                                (no ring)

@: no status effects
A: almost no armour, amphibious, 8 rings, camouflage 1, gelatinous body 1,
(nimble swimmer 1), tentacles
a: no special abilities


You were on level 1 of the Dungeon.
You visited 1 branch of the dungeon, and saw 1 of its levels.

Inventory:

Potions
 a - a potion of haste {unknown}


   Skills:
 + Level 1.1 Fighting
 + Level 2.0 Dodging
 + Level 3.0 Unarmed Combat
 + Level 2.0 Spellcasting
 + Level 2.0 Transmutations


You had 3 spell levels left.
You knew the following spells:

 Your Spells              Type           Power      Damage    Failure   Level
a - Beastly Appendage     Tmut           14%        N/A       10%         1

Your spell library contained the following spells:

 Spells                   Type           Power      Damage    Failure   Level
 Wereblood                Tmut           7%         N/A       14%         2
 Spider Form              Tmut/Pois      4%         N/A       41%         3
 Ice Form                 Ice/Tmut       4%         N/A       82%         4


Dungeon Overview and Level Annotations

Branches:
Dungeon (1/15)

Altars:


Innate Abilities, Weirdness & Mutations

You cannot wear most types of armour.
You are amphibious.
You can wear up to eight rings at the same time.
Your skin changes colour to match your surroundings (Stealth+).
Your rubbery body absorbs attacks. (AC +1, EV +1)
((You are camouflaged when in or above water. (Stealth+)))
You have tentacles for arms and can constrict up to eight enemies at once.


Message History

You kill the dart slug!
You see here a dart slug corpse.
Unknown command.
You start resting.
HP restored.
A bat comes into view.
Found a ring mail.
A hobgoblin comes into view.
Found a black potion.
The bat closely misses you.
You miss the bat. Your grab misses the bat. You squeeze the bat.
You kill the bat!
The hobgoblin shouts!
The hobgoblin misses you. The hobgoblin hits you.
The hobgoblin closely misses you. The hobgoblin misses you.
The giant cockroach closely misses you. The giant cockroach bites you.
The hobgoblin barely misses you. The giant cockroach barely misses you.
The hobgoblin barely misses you. The giant cockroach closely misses you.
The hobgoblin barely misses you. The giant cockroach closely misses you.
The hobgoblin hits you.
The giant cockroach completely misses you.
The hobgoblin barely misses you. The giant cockroach barely misses you.
The giant cockroach closely misses you.
The hobgoblin hits you but does no damage.
The giant cockroach closely misses you. The hobgoblin completely misses you.
The giant cockroach bites you.
* * * LOW HITPOINT WARNING * * *
The hobgoblin barely misses you. The giant cockroach misses you.
The hobgoblin closely misses you.
The giant cockroach bites you but does no damage.
The hobgoblin misses you. The giant cockroach barely misses you.
The giant cockroach barely misses you. The hobgoblin hits you.
* * * LOW HITPOINT WARNING * * *
The giant cockroach waves its antennae.
The giant cockroach bites you but does no damage.
The hobgoblin misses you. The giant cockroach barely misses you.
The hobgoblin hits you.
You die...

... #.# #
######.#.
#....#.#.##
#.!..#..[.
#....#.#.#
#..Bg#†#.#
###...@....#
#...........#
.....#.##.#.#
#.## #.##.#.#
# #.##.#.##.#
#...†.....#
#.##.#.##.#
#.##.#.#
...... .


You could see a giant cockroach and a hobgoblin.

Vanquished Creatures
  A dart slug (D:1)
  A bat (D:1)
2 creatures vanquished.

Notes
Turn   | Place    | Note
-------+----------+-------------------------------------------
     0 | D:1      | Hasart the Octopode Transmuter began the quest for the Orb.
     0 | D:1      | Reached XP level 1. HP: 13/13 MP: 3/3
   250 | D:1      | Slain by a hobgoblin

Illustrated notes

Levels and vault maps discovered:
D:1:      enne_arrival_octagon_isle, layout_basic, serial_shops, shop

Action                   || total
-------------------------++-------
Melee: Unarmed           ||     5
       Constrict         ||     1
       Tentacles         ||     1
Armor: Skin              ||     3
Dodge: Dodged            ||    26

Table legend: (Time is in decaauts)
 A = Elapsed time spent in this place.
 B = Non-inter-level travel time spent in this place.
 C = Inter-level travel time spent in this place.
 D = Time resting spent in this place.
 E = Time spent auto-exploring this place.
 F = Levels seen in this place.
 G = Mean time per level.
                   A        B        C        D        E       F      G
               +--------+--------+--------+--------+--------+-----+--------+
         Total |    249 |    249 |      0 |    203 |     14 |   1 |  249.0 |
       Dungeon |    249 |    249 |      0 |    203 |     14 |   1 |  249.0 |
               +--------+--------+--------+--------+--------+-----+--------+

Top non-repeatable levels by time:
     D:1: 249 daAuts
